 Dungeon Crawl Stone Soup version 0.21.0-24-g2553a33 (webtiles) character file.

51 SedStubbie the Caller (level 3, -5/22 HPs)
             Began as an Octopode Summoner on Jan 21, 2018.
             Slain by a gnoll
             ... wielding a +0 flail
              (16 damage)
             ... on level 2 of the Dungeon.
             The game lasted 00:03:25 (1443 turns).

SedStubbie the Caller (Octopode Summoner)           Turns: 1443, Time: 00:03:25

Health: -5/22      AC:  1    Str:  7    XL:     3   Next: 81%
Magic:  4/6        EV: 14    Int: 17    God:
Gold:   46         SH:  0    Dex: 13    Spells: 3/6 levels left

rFire    . . .     SeeInvis .   (no weapon)
rCold    . . .     Gourm    .   (no shield)
rNeg     . . .     Faith    .   (helmet restricted)
rPois    .         Spirit   .   (no amulet)
rElec    .         Reflect  .   (no ring)
rCorr    .         Harm     .   (no ring)
MR       .....                  (no ring)
Stlth    +++.......             (no ring)
HPRegen  0.07/turn              (no ring)
MPRegen  0.10/turn              (no ring)
                                (no ring)
                                (no ring)

@: no status effects
A: almost no armour, stealthy swim, amphibious, 8 rings, constrict 8, camouflage
1, gelatinous body 1
a: no special abilities


You were on level 2 of the Dungeon.
You were hungry.

You visited 1 branch of the dungeon, and saw 2 of its levels.

You collected 46 gold pieces.

Inventory:

Hand Weapons
 c - a +0 hunting sling
Missiles
 k - 7 javelins of returning (quivered)
Jewellery
 e - an uncursed amulet of rage {unknown}
Scrolls
 d - a scroll of identify {unknown}
 i - a scroll of remove curse {unknown}
 l - 4 scrolls of fear {unknown}
 m - 2 scrolls of enchant weapon {unknown}
Potions
 f - a potion of agility {unknown}
 g - a potion of lignification {unknown}
 h - a potion of might {unknown}
 j - a potion of resistance {unknown}
Books
 a - a book of Callings

   Spells                             Type                      Level
   a - Summon Small Mammal            Summoning                    1
   b - Call Imp                       Summoning                    2
   c - Call Canine Familiar           Summoning                    3
   d - Summon Guardian Golem          Hexes/Summoning              3
   e - Summon Lightning Spire         Summoning/Air                4
   f - Summon Ice Beast               Ice/Summoning                4
Comestibles
 b - 3 rations


   Skills:
 + Level 0.7 Fighting
 + Level 2.5 Dodging
 - Level 3.2 Stealth
 + Level 2.4 Spellcasting
 + Level 4.5 Summonings


You had 3 spell levels left.
You knew the following spells:

 Your Spells              Type           Power        Failure   Level  Hunger
a - Summon Small Mammal   Summ           ###.         3%          1    #......
b - Call Imp              Summ           ###.....     4%          2    ##.....


Dungeon Overview and Level Annotations

Branches:
Dungeon (2/15)

Altars:
Nemelex Xobeh


Innate Abilities, Weirdness & Mutations

You cannot wear most types of armour.
You are very stealthy in the water. (Stealth+)
You are amphibious.
You can wear up to eight rings at the same time.
You can use your tentacles to constrict eight enemies at once.
Your skin changes colour to match your surroundings (Stealth+).
Your rubbery body absorbs attacks. (AC +1, EV +1)


Message History

Your grab misses the gnoll.
You squeeze the gnoll, but do no damage.
The gnoll closely misses you.
Your crimson imp barely misses the hobgoblin.
You closely miss the gnoll. Your grab misses the gnoll. The gnoll misses you.
Your crimson imp closely misses the hobgoblin.
You tentacle-slap the gnoll. You grab the gnoll. Your squeeze misses the gnoll.
The gnoll is lightly wounded.
You constrict the gnoll, but do no damage.
The gnoll barely misses you.
Your crimson imp hits the hobgoblin.
The hobgoblin dies!
You tentacle-slap the gnoll but do no damage.
The gnoll is lightly wounded.
You constrict the gnoll. The gnoll barely misses you.
You tentacle-slap the gnoll but do no damage.
You squeeze the gnoll.
The gnoll is heavily wounded.
You constrict the gnoll. The gnoll hits you with a flail!
Ouch! That really hurt!
You die...

### #<# #.# #.#
#@# #g# #5####
#....#
..gg...........
...............
...............
.......##......
(.....# ......


You could see a gnoll and a friendly crimson imp.

Vanquished Creatures
  2 gnolls (D:2)
  A leopard gecko (D:1)
  2 ball pythons (D:1)
  A giant cockroach (D:1)
  5 goblins (D:1)
  2 kobolds (D:1)
  4 bats (D:1)
  4 rats (D:1)
21 creatures vanquished.

Vanquished Creatures (collateral kills)
  An adder (D:2)
  2 hobgoblins
  A quokka (D:2)
  A bat (D:1)
  2 rats
7 creatures vanquished.

Grand Total: 28 creatures vanquished

Notes
Turn   | Place    | Note
-------+----------+-------------------------------------------
     0 | D:1      | SedStubbie the Octopode Summoner began the quest for the Orb.
     0 | D:1      | Reached XP level 1. HP: 11/11 MP: 3/3
   221 | D:1      | Reached XP level 2. HP: 16/17 MP: 5/5
  1329 | D:1      | Found a sparkling altar of Nemelex Xobeh.
  1334 | D:1      | Reached XP level 3. HP: 21/21 MP: 6/6
  1390 | D:2      | Learned a level 2 spell: Call Imp
  1443 | D:2      | Slain by a gnoll

Skill      XL: |  1  2 |
---------------+-------+-----
Stealth        | 3 |  3.2
Fighting       | |  0.7
Dodging        | |  2.5
Spellcasting   | |  2.4
Summonings     | |  4.5

Action                   || total
-------------------------++-------
Melee: Unarmed           ||    86
       Constrict         ||    24
       Tentacles         ||    12
 Cast: Summon Small Mamm ||     2
       Call Imp          ||     3
 Stab: Sleeping          ||    12
  Eat: Chunk             ||     1
Armor: Skin              ||     9
Dodge: Dodged            ||    61
